 Dungeon Crawl Stone Soup version 0.20.0 (webtiles) character file.

529 Llamajah the Shield-Bearer (level 7, 0/55 HPs)
             Began as a Formicid Fighter on July 11, 2017.
             Was a Follower of Okawaru.
             Succumbed to a worker ant's poison
             ... on level 4 of the Dungeon.
             The game lasted 00:08:17 (3357 turns).

Llamajah the Shield-Bearer (Formicid Fighter)       Turns: 3357, Time: 00:08:17

Health: 0/55       AC:  9    Str: 28    XL:     7   Next: 48%
Magic:  7/7        EV:  7    Int:  7    God:    Okawaru [*.....]
Gold:   223        SH: 10    Dex: 10    Spells: 6/6 levels left

rFire    . . .     SeeInvis +   a - +0 war axe
rCold    . . .     Gourm    .   c - +0 shield
rNeg     . . .     Faith    .   n - +0 chain mail
rPois    .         Spirit   .   (helmet unavailable)
rElec    .         Reflect  .   (no cloak)
rCorr    .         Harm     +   (no gloves)
MR       .....                  (no boots)
Stlth    ..........             o - amulet of harm
Regen    0.2/turn               (no ring)
MPRegen  0.1/turn               (no ring)

@: mighty, lethally poisoned (0 -> -2)
A: permanent stasis, dig shafts and tunnels, four strong arms, antennae 3
a: Dig, Shaft Self, Heroism, Renounce Religion


You were on level 4 of the Dungeon.
You worshipped Okawaru.
Okawaru was aware of your devotion.
You were not hungry.

You visited 1 branch of the dungeon, and saw 4 of its levels.

You collected 223 gold pieces.

Inventory:

Hand Weapons
 a - a +0 war axe (weapon)
Armour
 b - a +0 scale mail
 c - a +0 shield (worn)
 n - a +0 chain mail (worn)
Jewellery
 o - an amulet of harm (around neck)
Scrolls
 e - 2 scrolls of fog {unknown}
 g - a scroll of enchant armour {unknown}
 h - 4 scrolls of amnesia {unknown}
 k - a scroll of teleportation {unknown}
 l - 2 scrolls of enchant weapon {unknown}
 p - a scroll of noise {unknown}
Potions
 d - a potion of might
Comestibles
 f - 3 bread rations
 i - 2 meat rations
 j - 6 royal jellies


   Skills:
 + Level 4.7 Fighting
 + Level 5.3 Axes
 + Level 4.4 Armour
 + Level 0.8 Dodging
 + Level 5.4 Shields


You had 6 spell levels left.
You didn't know any spells.

Dungeon Overview and Level Annotations

Branches:
Dungeon (4/15)
 Temple: D:4-7

Altars:
Ashenzari
Cheibriados
Dithmenos
Hepliaklqana
Nemelex Xobeh
Okawaru
Uskayaw
The Shining One


Innate Abilities, Weirdness & Mutations

You cannot be hasted, slowed, berserked, paralysed or teleported.
You can dig through walls and to a lower floor.
Your four strong arms can wield two-handed weapons with a shield.
You have a pair of large antennae on your head. (SInv)


Message History

a leather armour; a chain mail; an orc corpse
Things that are here:
a dagger of venom; a robe; an orc corpse
* * * LOW HITPOINT WARNING * * *
You feel sick.
You see here 15 gold pieces.
* * * LOW HITPOINT WARNING * * *
You feel sick.
* * * LOW HITPOINT WARNING * * *
You feel sick.
You see here 15 gold pieces.
* * * LOW HITPOINT WARNING * * *
You feel sick.
Things that are here:
a dagger of venom; a robe; an orc corpse
Things that are here:
a leather armour; a chain mail; an orc corpse
* * * LOW HITPOINT WARNING * * *
You feel sick.
You die...

# #. #. ##.### #....##
.... #.########
###..@[)$..#######
#.......)......(....
#.##########.###########
............(......
#######.##########. #.#
#. ..# #. #### #. #.


There were no monsters in sight!

Vanquished Creatures
  A black bear (D:4)
  3 orc priests (D:3)
  4 orc wizards
  2 worker ants (D:4)
  4 gnolls (D:4)
  6 adders
  2 dart slugs
  5 leopard geckos
  12 orcs
  9 bats
  7 giant cockroaches
  9 goblins
  9 hobgoblins
  2 quokkas
  A ball python (D:1)
  10 frilled lizards
  A jackal skeleton (D:4)
  3 kobolds (D:1)
  14 rats
104 creatures vanquished.

Notes
Turn   | Place    | Note
-------+----------+-------------------------------------------
     0 | D:1      | Llamajah the Formicid Fighter began the quest for the Orb.
     0 | D:1      | Reached XP level 1. HP: 18/18 MP: 1/1
   111 | D:1      | Reached XP level 2. HP: 23/24 MP: 2/2
   216 | D:1      | Reached XP level 3. HP: 13/30 MP: 3/3
   880 | D:2      | Reached XP level 4. HP: 36/37 MP: 4/4
  1131 | D:2      | Found an iron altar of Okawaru.
  1136 | D:2      | Found a hazy altar of Hepliaklqana.
  1138 | D:2      | Found a sparkling altar of Nemelex Xobeh.
  1138 | D:2      | Found a hide-covered altar of Uskayaw.
  1140 | D:2      | Found a glowing golden altar of the Shining One.
  1141 | D:2      | Found a shattered altar of Ashenzari.
  1146 | D:2      | Found a shadowy altar of Dithmenos.
  1159 | D:2      | Became a worshipper of Warmaster Okawaru
  1236 | D:2      | Reached XP level 5. HP: 23/42 MP: 5/5
  1791 | D:3      | Reached skill level 5 in Shields
  1994 | D:3      | Found a snail-covered altar of Cheibriados.
  2043 | D:3      | Reached XP level 6. HP: 36/48 MP: 6/6
  2049 | D:3      | HP: 2/49 [orc/enchanted flail (3)]
  2584 | D:3      | Reached * piety under Okawaru
  2852 | D:4      | Noticed a black bear
  2860 | D:4      | Killed a black bear
  2860 | D:4      | Reached XP level 7. HP: 51/55 MP: 7/7
  2960 | D:4      | Reached skill level 5 in Axes
  3347 | D:4      | HP: 2/55 [poisoned by a worker ant]
  3354 | D:4      | HP: 1/55 [poisoned by a worker ant]
  3357 | D:4      | Succumbed to a worker ant's poison

Skill      XL: |  1  2  3  4  5  6  7 |
---------------+----------------------+-----
Shields        | 4 5 |  5.4
Fighting       | 4 |  4.7
Axes           | 3 4 5 |  5.3
Armour         | 4 |  4.4
Dodging        | |  0.8

Action                   |  1- 3 |  4- 6 |  7- 9 || total
-------------------------+-------+-------+-------++-------
Melee: War axe           |   119 |   126 |    47 ||   292
  Use: Potion            |       |     2 |     1 ||     3
  Eat: Chunk             |       |     7 |     1 ||     8
Armor: Scale mail        |    69 |    26 |       ||    95
       Chain mail        |       |    32 |    24 ||    56
Dodge: Dodged            |    46 |    38 |    14 ||    98
Block: Shield            |    96 |    77 |    22 ||   195
